 Dungeon Crawl Stone Soup version 0.18.1-48-g4cf74bf (webtiles) character file.

3479 Jerry the Protected (level 9, -4/70 HPs)
             Began as a Minotaur Fighter on Aug 13, 2016.
             Was an Initiate of Okawaru.
             Killed from afar by an orc wizard (7 damage)
             ... with a magic dart
             ... on level 9 of the Dungeon.
             The game lasted 00:28:07 (7650 turns).

Jerry the Protected (Minotaur Fighter)              Turns: 7650, Time: 00:28:07

Health: -4/70      AC: 15    Str: 22    XL:     9   Next: 79%
Magic:  8/8        EV:  7    Int:  5    God:    Okawaru [......]
Gold:   480        SH:  0    Dex: 14    Spells: 0 memorised, 8 levels left

rFire  . . .     SeeInvis .     r - +2 whip (flame)
rCold  + . .     Gourm    .     l - +2 ring mail {rN+}
rNeg   + . .     Faith    .     (no shield)
rPois  .         Spirit   .     (helmet restricted)
rElec  .         Dismiss  .     D - +0 cloak
rCorr  .         Reflect  .     y - +1 pair of gloves
SustAt .         Harm     .     w - +0 pair of boots
MR     .....                    (no amulet)
Stlth  +.........               (no ring)
                                A - +2 ring of evasion

@: not resistant to hostile enchantments, very unstealthy
A: retaliatory headbutt, horns 2, cold resistance 1, high mp 1, strong 1,
MP-powered wands
a: Renounce Religion


You were on level 9 of the Dungeon.
You worshipped Okawaru.
Okawaru was noncommittal.
You were not hungry.

You visited 2 branches of the dungeon, and saw 10 of its levels.
You also visited: Sewer.

You collected 480 gold pieces.

Inventory:

Hand Weapons
 r - a +2 whip of flaming (weapon)
Missiles
 n - 20 tomahawks (quivered)
Armour
 c - a +0 shield
 l - a +2 ring mail of positive energy (worn)
 w - a +0 pair of boots (worn)
 y - a +1 pair of gloves (worn)
 D - a +0 cloak (worn)
Jewellery
 e - an uncursed ring of wizardry {unknown}
 A - a +2 ring of evasion (left hand)
 E - an uncursed ring of sustain attributes {unknown}
Scrolls
 a - a scroll of blinking {unknown}
 b - 2 scrolls of fear
 h - 2 scrolls of noise
 k - a scroll of identify
 o - 2 scrolls of remove curse
 s - 2 scrolls of magic mapping
 u - 2 scrolls of immolation
 F - a scroll of teleportation
 J - a scroll of acquirement {unknown}
Potions
 d - a potion of resistance {unknown}
 g - 3 potions of curing {unknown}
 i - 2 potions of haste {unknown}
 m - a potion of agility {unknown}
 t - a potion of ambrosia {unknown}
 x - 2 potions of heal wounds
 B - a potion of lignification
 C - a potion of brilliance
 G - 2 potions of magic
 I - a potion of degeneration {unknown}
Books
 p - a book of Conjurations

   Spells                             Type                      Level
   a - Magic Dart                     Conjuration                  1
   b - Searing Ray                    Conjuration                  2
   c - Dazzling Spray                 Conjuration/Hexes            3
   d - Fulminant Prism                Conjuration/Hexes            4
   e - Iskenderun's Mystic Blast      Conjuration                  4
   f - Iskenderun's Battlesphere      Conjuration/Charms           5
Comestibles
 f - 13 bread rations
 j - 6 fruits
 q - 4 beef jerkies
 v - 3 slices of pizza
 z - 2 meat rations


   Skills:
 - Level 3.6 Fighting
 + Level 11.8 Maces & Flails
 + Level 12.0 Armour
 - Level 4.1 Shields


You had 8 spell levels left.
You didn't know any spells.

Dungeon Overview and Level Annotations

Branches:
Dungeon (9/15)             Temple (1/1) D:5
   Lair: D:8-11         Orc: D:9-12

Altars:
Ashenzari
Cheibriados
Dithmenos
Fedhas
Gozag
Kikubaaqudgha
Makhleb
Nemelex Xobeh
Okawaru
Pakellas
Qazlal
Ru
Sif Muna
Trog
Vehumet
Xom
Yredelemnul
Zin
The Shining One

Shops:
D:5 }   D:8 *   D:9 :

Annotations:
D:9 Erolcha


Innate Abilities, Weirdness & Mutations

You reflexively headbutt those who attack you in melee.
You have a pair of horns on your head.
Your flesh is cold resistant.
You have an increased reservoir of magic (+10% MP).
Your muscles are strong. (Str +2)
You expend magic power (3 MP) to strengthen your wands.


Message History

The electric eel shoots out a bolt of lightning at you!
The bolt of electricity hits the plant.
The bolt of electricity hits you! The hound bites you but does no damage.
Found Xemyph's Book Shoppe.
The electric eel shoots out a bolt of lightning at you!
The bolt of electricity hits the plant.
The bolt of electricity misses you. The bolt of electricity hits you!
* * * LOW HITPOINT WARNING * * *
There is a stone staircase leading up here.
The hound bites you but does no damage.
The electric eel shoots out a bolt of lightning at you!
The bolt of electricity hits the plant.
The bolt of electricity hits the orc wizard.
The bolt of electricity hits you!
* * * LOW HITPOINT WARNING * * *
The bolt of electricity hits you!
* * * LOW HITPOINT WARNING * * *
The orc wizard gestures at you while chanting.
The magic dart hits you!
You die...

... +# ...... .# .
.....##.. .≈ ....##.. #
≈≈P ......####.# ≈.o≈
#.#..h@...#.∩ ≈≈≈≈P
#.#o.o........
≈.....#####...........#.
#..<....o.≈♣≈..##.#
PP...........≈≈≈≈P(.....
...####...##♣PPP≈≈♣.#.##
# #.(### ♣;≈≈≈PP..(.
..... ≈P≈≈P≈≈P... ......
≈≈♣≈≈♣≈≈♣♣..


You could see a hound, an electric eel, an orc wizard and 2 orcs.

Vanquished Creatures
  Pikel (D:7)
  The ghost of ayyllmao the Cudgeler, a novice FoBe (D:5)
  A spriggan (D:7)
  A sky beast (D:7)
  Purgy (Sewer)
  An ice beast (D:6)
  An orc warrior (D:6)
  An ogre (D:6)
  A phantom (D:8)
  2 centaurs
  2 giant frogs
  A wyvern zombie (D:7)
  2 scorpions
  7 killer bees
  An electric eel (D:9)
  5 howler monkeys
  2 crimson imps
  2 hounds
  3 orc priests
  A centaur skeleton (D:8)
  3 orc wizards
  A giant frog skeleton (D:4)
  6 worker ants
  Natasha (thrice) (D:2)
  An iguana (D:7)
  A killer bee zombie (D:7)
  3 gnolls (D:3)
  8 adders
  2 howler monkey skeletons
  2 oozes
  An adder skeleton (D:4)
  A worm (D:6)
  3 dart slugs
  10 giant geckos
  25 orcs
  2 ball pythons
  10 giant cockroaches
  6 goblins
  10 hobgoblins
  4 jackals (D:3)
  6 quokkas
  10 bats
  A giant gecko skeleton (D:8)
  A giant gecko zombie (D:5)
  9 giant newts
  3 kobolds
  A quokka skeleton (D:4)
  2 quokka zombies (D:6)
  7 rats
179 creatures vanquished.

Vanquished Creatures (others)
  A slave (D:7)
  A giant frog (D:7)
2 creatures vanquished.

Grand Total: 181 creatures vanquished

Notes
Turn   | Place    | Note
--------------------------------------------------------------
     0 | D:1      | Jerry the Minotaur Fighter began the quest for the Orb.
     0 | D:1      | Reached XP level 1. HP: 19/19 MP: 0/0
   214 | D:1      | Reached XP level 2. HP: 26/26 MP: 1/1
   585 | D:1      | Reached skill level 4 in Armour
   585 | D:1      | Reached XP level 3. HP: 31/31 MP: 2/2
  1094 | D:2      | Noticed Natasha
  1134 | D:2      | Killed Natasha
  1134 | D:2      | Reached XP level 4. HP: 33/39 MP: 3/3
  1256 | D:2      | Noticed Natasha
  1271 | D:2      | Killed Natasha
  1396 | D:2      | Noticed Natasha
  1401 | D:2      | Killed Natasha
  1401 | D:2      | Reached skill level 5 in Armour
  1401 | D:2      | Reached XP level 5. HP: 45/45 MP: 4/4
  1788 | D:3      | Reached skill level 5 in Maces & Flails
  2413 | D:4      | Reached skill level 6 in Armour
  2413 | D:4      | Reached XP level 6. HP: 40/51 MP: 5/5
  2900 | D:5      | Entered Level 5 of the Dungeon
  2900 | D:5      | Found a staircase to the Ecumenical Temple.
  2915 | Temple   | Entered the Ecumenical Temple
  3273 | D:5      | Found Kava's Gadget Emporium.
  3312 | D:5      | Found a basalt altar of Yredelemnul.
  3544 | D:5      | Noticed ayyllmao's ghost (novice FoBe)
  3565 | D:5      | Killed ayyllmao's ghost
  3565 | D:5      | Reached skill level 8 in Armour
  3565 | D:5      | Reached XP level 7. HP: 41/57 MP: 6/6
  3839 | D:5      | Found an opulent altar of Gozag.
  3953 | D:6      | Found a snail-covered altar of Cheibriados.
  4003 | D:6      | Reached XP level 8. HP: 64/64 MP: 7/7
  4211 | D:6      | Found a glowing drain.
  4227 | Sewer    | Entered a sewer
  4254 | Sewer    | Noticed Purgy
  4263 | Sewer    | Killed Purgy
  4263 | Sewer    | Reached skill level 9 in Armour
  4958 | D:6      | Reached skill level 10 in Armour
  5559 | D:7      | Reached skill level 10 in Maces & Flails
  5653 | D:7      | Reached XP level 9. HP: 70/70 MP: 8/8
  5716 | D:7      | Noticed Pikel
  5724 | D:7      | Killed Pikel
  5724 | D:7      | Reached skill level 11 in Armour
  5725 | D:7      | Found an oddly glowing altar of Pakellas.
  5820 | D:7      | Found a deep blue altar of Sif Muna.
  6377 | D:7      | Gained mutation: Your flesh is cold resistant. [mutagenic meat]
  6378 | D:7      | Gained mutation: You have an increased reservoir of magic (+10% MP). [mutagenic meat]
  6379 | D:7      | Gained mutation: Your muscles are strong. (Str +2) [mutagenic meat]
  6380 | D:7      | Gained mutation: You expend magic power (3 MP) to strengthen your wands. [mutagenic meat]
  6530 | D:8      | Found a shadowy altar of Dithmenos.
  7201 | D:8      | Found Eco Leth's Assorted Antiques.
  7248 | D:8      | Found an iron altar of Okawaru.
  7342 | D:8      | Became a worshipper of Warmaster Okawaru
  7387 | D:8      | Reached skill level 12 in Armour
  7603 | D:9      | Noticed Erolcha
  7603 | D:9      | Noticed a troll
  7648 | D:9      | Found Xemyph's Book Shoppe.
  7650 | D:9      | HP: 3/70 [electric eel/bolt of electricity (10)]
  7650 | D:9      | Killed from afar by an orc wizard

Skill      XL: |  1  2  3  4  5  6  7  8  9 |
---------------+----------------------------+-----
Maces & Flails | 3 4 5 7 8 10 11 | 11.8
Shields        | 4 |  4.1
Armour         | 4 5 6 8 10 12 | 12.0
Fighting       | |  3.6

Action                   |  1- 3 |  4- 6 |  7- 9 || total
-------------------------+-------+-------+-------++-------
Melee: Flail             |    15 |       |       ||    15
       Whip              |    97 |   239 |   363 ||   699
       Headbutt          |    17 |    51 |    75 ||   143
Throw: Tomahawk          |       |     3 |     4 ||     7
  Use: Potion            |       |     1 |     4 ||     5
       Scroll            |       |       |    14 ||    14
  Eat: Chunk             |     1 |     8 |    15 ||    24
       Beef jerky        |       |       |     1 ||     1
Armor: Scale mail        |     6 |       |       ||     6
       Ring mail         |    33 |    75 |   130 ||   238
Dodge: Dodged            |    31 |    78 |   164 ||   273
Block: Shield            |    48 |    37 |       ||    85
